 Dungeon Crawl Stone Soup version 0.31-a0-521-gc7390f8997 (webtiles) character file.

Game seed: 9077407741072750700

898 Ofeo the Shooter (level 8, -3/64 HPs)
             Began as a Formicid Hunter on Aug 10, 2023.
             Was a Follower of Dithmenos.
             Slain by a scorpion (4 damage)
             ... on level 6 of the Dungeon.
             The game lasted 00:07:13 (5672 turns).

Ofeo the Shooter (Formicid Hunter)                  Turns: 5672, Time: 00:07:14

Health: -3/64      AC:  6    Str: 17    XL:     8   Next: 28%
Magic:  8/8        EV: 13    Int: 14    God:    Dithmenos [*.....]
Gold:   1173       SH:  0    Dex: 19    Spells: 7/7 levels left

rFire   . . .        a - +1 shortbow
rCold   . . .        (no shield)
rNeg    + . .        c - +0 leather armour
rPois   .            (helmet unavailable)
rElec   +            d - +0 cloak
rCorr   +            o - +1 pair of gloves of Sulylol {rElec rCorr}
SInv    +            (no boots)
Will    .....        (no amulet)
Stlth   +++          l - ring of positive energy
HPRegen 0.30/turn    f - +6 ring of intelligence
MPRegen 0.11/turn

%: no passive effects
@: mighty, lethally poisoned (-3 -> -10), wreathed by umbra
A: permanent stasis, dig shafts and tunnels, antennae 3, four strong arms
a: Dig, Shaft Self, Renounce Religion


You were on level 6 of the Dungeon.
You worshipped Dithmenos.
Dithmenos was aware of your devotion.
You visited 1 branch of the dungeon, and saw 6 of its levels.

You collected 1173 gold pieces.

Inventory:

Hand Weapons
 a - a +1 shortbow (weapon)
Armour
 c - a +0 leather armour (worn)
 d - a +0 cloak (worn)
 o - the +1 pair of gloves of Sulylol (worn) {rElec rCorr}
   (You found it on level 5 of the Dungeon)

   rElec:     It insulates you from electricity.
   rCorr:     It protects you from acid and corrosion.
Jewellery
 f - a +6 ring of intelligence (right hand)
 l - a ring of positive energy (left hand)
Wands
 g - a wand of flame (16)
Scrolls
 h - 6 scrolls of teleportation {@r3}
 i - a scroll of identify {@r1}
 k - a scroll of enchant armour
 n - a scroll of fog
Potions
 e - a potion of magic
 j - a potion of haste {@q3}
 p - a potion of enlightenment {unknown}


   Skills:
 + Level 5.7 Fighting
 + Level 6.4 Ranged Weapons
 - Level 3.9 Dodging
 - Level 5.0 Stealth


You had 7 spell levels left.
You didn't know any spells.
Your spell library contained the following spells:

 Spells                   Type           Power      Damage    Failure   Level
 Freeze                   Ice            0%         1d3       34%         1
 Necrotise                Necr           0%         1d4       34%         1
 Sandblast                Erth           0%         2d4       34%         1
 Passwall                 Tmut/Erth      0%         N/A       47%         2
 Sublimation of Blood     Necr           0%         N/A       47%         2
 Wereblood                Tmut           0%         N/A       47%         2
 Frozen Ramparts          Ice            0%         1d1       71%         3
 Hailstorm                Conj/Ice       0%         3d3       71%         3
 Stone Arrow              Conj/Erth      0%         3d7       71%         3
 Vampiric Draining        Necr           0%         2d6       71%         3
 Animate Armour           Summ/Erth      0%         N/A       98%         4
 Agony                    Necr           0%         N/A       100%        5
 Summon Hydra             Summ           0%         N/A       100%        7
 Lehudib's Crystal Spear  Conj/Erth      0%         10d2      100%        8


Dungeon Overview and Level Annotations

Branches:
Dungeon (6/15)             Temple (0/1) D:5

Altars:
Ashenzari
Cheibriados
Dithmenos
Gozag
Hepliaklqana
Kikubaaqudgha
Makhleb
Qazlal
Ru
Uskayaw
Yredelemnul

Shops:
D:5 [


Innate Abilities, Weirdness & Mutations

You cannot be hasted, slowed, berserked, paralysed or teleported.
You can dig through walls and to a lower floor.
You have a pair of large antennae on your head. (SInv)
Your four strong arms can wield two-handed weapons with a shield.


Message History

Fire: a) +1 shortbow
Press: ? - help, Q - select action, (/) - cycle Shift-Dir - straight line, f/p - scorpion
Aim: a scorpion (ally target, umbra, 67% to hit)
You shoot an arrow. The arrow hits the scorpion.
The scorpion is lightly wounded.
The scorpion stings you but does no damage.
The gnoll closely misses you.
Fire: a) +1 shortbow
Press: ? - help, Q - select action, (/) - cycle Shift-Dir - straight line, f/p - scorpion
Aim: a scorpion (lightly wounded, ally target, umbra, 67% to hit)
You shoot an arrow. The arrow hits the scorpion!
The scorpion is severely wounded.
The scorpion stings you.
* * * LOW HITPOINT WARNING * * *
You are lethally poisoned!
The scorpion poisons you! The scorpion closely misses you.
The gnoll closely misses you.
You take 1 damage, and have 7/64 hp.
Fire: a) +1 shortbow
Press: ? - help, Q - select action, (/) - cycle Shift-Dir - straight line, f/p - scorpion
Aim: a scorpion (severely wounded, ally target, umbra, 67% to hit)
You shoot an arrow.
The arrow hits the scorpion but does no damage.
The scorpion is severely wounded.
* * * LOW HITPOINT WARNING * * *
You feel very sick.
The scorpion stings you but does no damage.
The gnoll barely misses you.
You take 3 damage, and have 4/64 hp.
Fire: a) +1 shortbow
Press: ? - help, Q - select action, (/) - cycle Shift-Dir - straight line, f/p - scorpion
Aim: a scorpion (severely wounded, ally target, umbra, 67% to hit)
You shoot an arrow.
The arrow completely misses the scorpion.
The arrow hits the gnoll.
The gnoll is heavily wounded.
* * * LOW HITPOINT WARNING * * *
You feel very sick. The scorpion stings you.
You die...

#......## ######..# ##.# {
.. #<#### ###.# ..###
#....### ..#.#
.....#######...## #...#
#.......#####..## ##..#
.##..#.#..){###..#######..#
...b.#...##..###@.b....#.†##
#bbb{#{###..b##sb........# {
####.b.bb{.###.{.bg####.##.#
{
..{#{{bbb#.###b###......##.#
#....b{b[....{b#######..##.#
........##.....{....#...##.#
#....bb...##.######......#.#
#######.#{##...# ##.......
#.#{..##.# ..##....


You could see a scorpion (ally target) and a gnoll.

Vanquished Creatures
  Grinder (D:4)
  A water moccasin (D:5)
  An ogre (D:5)
  A scorpion (D:6)
  3 hounds
  A sleepcap (D:6)
  2 orc priests
  4 iguanas
  4 gnolls (D:4)
  4 adders
  4 worms
  2 dart slugs
  12 orcs
  5 bats
  2 endoplasms (D:2)
  3 giant cockroaches
  6 goblins
  5 hobgoblins
  19 jackals
  4 kobolds
  2 quokkas
  2 ball pythons
  2 frilled lizards
  4 rats
94 creatures vanquished.

Notes
Turn   | Place    | Note
-------+----------+-------------------------------------------
     0 | D:1      | Ofeo the Formicid Hunter began the quest for the Orb.
     0 | D:1      | Reached XP level 1. HP: 16/16 MP: 1/1
   326 | D:1      | Reached XP level 2. HP: 16/23 MP: 2/2
   882 | D:1      | Reached XP level 3. HP: 28/28 MP: 3/3
  1159 | D:2      | Found an ancient bone altar of Kikubaaqudgha.
  1312 | D:2      | Reached XP level 4. HP: 34/34 MP: 4/4
  1749 | D:2      | Reached XP level 5. HP: 41/41 MP: 5/5
  2379 | D:3      | Found a snail-covered altar of Cheibriados.
  3491 | D:4      | Found a hazy altar of Hepliaklqana.
  3494 | D:4      | Found an opulent altar of Gozag.
  3495 | D:4      | Found a stormy altar of Qazlal.
  3495 | D:4      | Found a broken altar of Ashenzari.
  3495 | D:4      | Found a hide-covered altar of Uskayaw.
  3495 | D:4      | Found a burning altar of Makhleb.
  3495 | D:4      | Found a basalt altar of Yredelemnul.
  3504 | D:4      | Found a shadowy altar of Dithmenos.
  3514 | D:4      | Became a worshipper of Dithmenos the Shadowed
  3549 | D:4      | Noticed a two-headed ogre
  3619 | D:4      | Reached XP level 6. HP: 47/47 MP: 6/6
  3886 | D:5      | Entered Level 5 of the Dungeon
  3886 | D:5      | Noticed Grinder
  3898 | D:4      | Killed Grinder
  3899 | D:4      | Reached skill level 5 in Ranged Weapons
  3899 | D:4      | Reached XP level 7. HP: 30/54 MP: 7/7
  4073 | D:5      | Noticed a water moccasin
  4100 | D:5      | Killed a water moccasin
  4104 | D:5      | Reached skill level 5 in Stealth
  4468 | D:5      | Identified a scroll of acquirement
  4468 | D:5      | Acquired 845 gold pieces
  4496 | D:5      | Reached * piety under Dithmenos
  4740 | D:5      | Found a staircase to the Ecumenical Temple.
  4796 | D:5      | Reached skill level 5 in Fighting
  4796 | D:5      | Reached skill level 6 in Ranged Weapons
  4796 | D:5      | Reached XP level 8. HP: 62/62 MP: 8/8
  5020 | D:5      | Found a sacrificial altar of Ru.
  5210 | D:5      | Identified the +1 pair of gloves of Sulylol {rElec rCorr}
  5332 | D:5      | Found Tokoyo's Dragon-Slaying Spoils.
  5672 | D:6      | HP: 1/64 [poisoned by a scorpion]
  5672 | D:6      | Slain by a scorpion

Illustrated notes

Levels and vault maps discovered:
D:1:      dpeg_arrival_chambers_temple_mockup, layout_basic
D:2:      layout_basic, basic_altar
D:3:      layout_basic, mainiacjoe_overflow_cross_hatched,
          wander_ebering_terrifying_dragon_lair
D:4:      layout_basic, grunt_temple_overflow_open, lightli_temple_of_fire
D:5:      minmay_spotlight, layout_cave_pods, nicolae_ru_sacrificial_ziggurat,
          minmay_temple_entry_sparse_star, nicolae_shop_dragon_depot,
          uniq_grinder
D:6:      layout_rooms, dreamdust_gnoll_farm

Skill      XL: |  1  2  3  4  5  6  7 |
---------------+----------------------+-----
Dodging        | 2 3 |  3.9
Stealth        | 2 3 4 5 |  5.0
Fighting       | 3 4 5 |  5.7
Ranged Weapons | 5 6 |  6.4

Action                     |  1- 3 |  4- 6 |  7- 9 || total
---------------------------+-------+-------+-------++-------
   Fire: Shortbow          |   104 |   147 |   141 ||   392
Ability: Dig               |       |       |     1 ||     1
    Use: Scroll            |     1 |     7 |     3 ||    11
         Potion            |       |       |     6 ||     6
 Armour: Leather armour    |    10 |     6 |    50 ||    66
         Skin              |       |       |    23 ||    23
  Dodge: Dodged            |    18 |    41 |   122 ||   181

Table legend: (Time is in decaauts)
 A = Elapsed time spent in this place.
 B = Non-inter-level travel time spent in this place.
 C = Inter-level travel time spent in this place.
 D = Time resting spent in this place.
 E = Time spent auto-exploring this place.
 F = Levels seen in this place.
 G = Mean time per level.
                   A        B        C        D        E       F      G
               +--------+--------+--------+--------+--------+-----+--------+
         Total |   5743 |   5420 |    323 |    433 |   4160 |   6 |  957.2 |
       Dungeon |   5743 |   5420 |    323 |    433 |   4160 |   6 |  957.2 |
               +--------+--------+--------+--------+--------+-----+--------+

Top non-repeatable levels by time:
     D:5: 1644 daAuts
     D:2: 1204 daAuts
     D:1: 1150 daAuts
     D:3: 1044 daAuts
     D:4: 556 daAuts
     D:6: 143 daAuts
